 Dungeon Crawl Stone Soup version 0.23.2-30-g0e89c35649 (webtiles) character file.

Game seed: 2005648170175107871

228 RadRoach the Poker (level 5, 0/42 HPs)
             Began as a Minotaur Gladiator on June 7, 2019.
             Slain by a killer bee (7 damage)
             ... on level 3 of the Dungeon.
             The game lasted 00:04:57 (3383 turns).

RadRoach the Poker (Minotaur Gladiator)             Turns: 3383, Time: 00:04:57

Health: 0/42       AC:  5    Str: 18    XL:     5   Next: 71%
Magic:  4/4        EV: 12    Int:  5    God:
Gold:   144        SH:  0    Dex: 13    Spells: 3/4 levels left

rFire    . . .     SeeInvis .   a - +0 trident
rCold    . . .     Gourm    .   (no shield)
rNeg     . . .     Faith    .   b - +0 ring mail
rPois    .         Spirit   .   c - +0 hat
rElec    .         Reflect  .   (no cloak)
rCorr    .         Harm     .   (no gloves)
MR       .....                  (no boots)
Stlth    +.........             (no amulet)
HPRegen  0.14/turn              m - ring of flight
MPRegen  0.09/turn              (no ring)

@: lethally poisoned (0 -> -3)
A: retaliatory headbutt, horns 2
a: Evoke Flight


You were on level 3 of the Dungeon.
You were not hungry.

You visited 1 branch of the dungeon, and saw 4 of its levels.

You collected 144 gold pieces.

Inventory:

Hand Weapons
 a - a +0 trident (weapon)
Missiles
 d - 3 throwing nets (quivered)
Armour
 b - a +0 ring mail (worn)
 c - a +0 hat (worn)
 q - +0 ice dragon scales
Jewellery
 l - a +3 ring of dexterity {unknown}
 m - a ring of flight (left hand)
 o - an uncursed ring of ice {unknown}
Wands
 k - a wand of iceblast (6)
 r - a wand of polymorph (7)
Scrolls
 e - 2 scrolls of enchant armour {unknown}
 g - a scroll of random uselessness {unknown}
 h - 2 scrolls of identify {unknown}
 j - a scroll of teleportation {unknown}
 t - a scroll of fear {unknown}
 w - a scroll of immolation {unknown}
Potions
 i - a potion of curing {unknown}
 n - a potion of brilliance {unknown}
 p - a potion of agility {unknown}
 s - 2 potions of invisibility {unknown}
 u - a potion of flight {unknown}
Comestibles
 f - 7 rations


   Skills:
 - Level 2.4 Fighting
 + Level 7.8 Polearms
 - Level 2.0 Throwing
 - Level 3.2 Dodging


You had 3 spell levels left.
You knew the following spells:

 Your Spells              Type           Power        Failure   Level  Hunger
a - Apportation           Tloc           #.....       67%         1    ##.....

Your spell library contained the following spells:

 Spells                   Type           Power        Failure   Level  Hunger
 Animate Skeleton         Necr           N/A          67%         1    ##.....
 Confusing Touch          Hex            #.....       67%         1    ##.....
 Summon Small Mammal      Summ           #...         67%         1    ##.....


Dungeon Overview and Level Annotations

Branches:
Dungeon (4/15)
 Temple: D:4-7

Altars:
Elyvilon
Trog

Annotations:
D:4 Blork the orc, Pikel


Innate Abilities, Weirdness & Mutations

You reflexively headbutt those who attack you in melee.
You have a pair of horns on your head.


Message History

You feel sick. The killer bee barely misses you.
You feel sick. The killer bee misses you.
Things that are here:
a +0 club; a +0 leather armour; an orc skeleton The killer bee stings you.
You feel sick.
The killer bee stings you but does no damage.
There is a stone staircase leading up here.
The killer bee barely misses you. The orc hits you with a +0 mace.
The killer bee stings you but does no damage.
You climb upwards.
You feel sick.
There is a stone staircase leading down here.
Unknown command.
The killer bee stings you but does no damage.
The orc hits you with a +0 mace.
* * * LOW HITPOINT WARNING * * *
The killer bee stings you.
* * * LOW HITPOINT WARNING * * *
The killer bee stings you!
You die...

### ..# #.# #.# #####
####### #.######...##
#.....#
........###.###.###.#
#.####..# #.......#.#
..###...###.###.....#
####.......## #.@...#
##...#### #.#yo##
##.## #.#>..# #.#
#.##..# #.# #.##..#
##'## #.##..# ##...##
#.....# ##.....##
#####.# ##.......##
##.##.#


You could see a killer bee and an orc.

Vanquished Creatures
  2 slaves (D:3)
  A killer bee (D:3)
  A crimson imp (D:3)
  3 gnolls (D:3)
  2 adders (D:3)
  An ooze (D:1)
  A worm (D:2)
  5 leopard geckos
  5 orcs
  2 ball pythons
  17 bats
  5 hobgoblins
  11 jackals
  5 kobolds
  2 frilled lizards
  14 goblins
  4 rats
81 creatures vanquished.

Vanquished Creatures (others)
  An orc wizard (D:4)
1 creature vanquished.

Grand Total: 82 creatures vanquished

Notes
Turn   | Place    | Note
-------+----------+-------------------------------------------
     0 | D:1      | RadRoach the Minotaur Gladiator began the quest for the
                  | Orb.
     0 | D:1      | Reached XP level 1. HP: 18/18 MP: 0/0
   118 | D:1      | Reached skill level 4 in Polearms
   255 | D:1      | Reached XP level 2. HP: 24/25 MP: 1/1
   339 | D:1      | Reached skill level 5 in Polearms
   358 | D:1      | Reached XP level 3. HP: 28/30 MP: 2/2
   924 | D:2      | Found a white marble altar of Elyvilon.
  1509 | D:3      | Reached skill level 6 in Polearms
  1509 | D:3      | Reached XP level 4. HP: 37/37 MP: 3/3
  1702 | D:3      | Reached skill level 7 in Polearms
  1702 | D:3      | Reached XP level 5. HP: 12/42 MP: 4/4
  2106 | D:3      | Noticed Robin
  2530 | D:3      | Noticed Robin
  2530 | D:3      | Robin changed into Robin the leopard gecko
  2533 | D:3      | Killed Robin the leopard gecko
  2578 | D:3      | Learned a level 1 spell: Apportation
  2737 | D:3      | Found a bloodstained altar of Trog.
  2907 | D:4      | Noticed Blork the orc
  2944 | D:4      | Noticed a slave
  3028 | D:3      | Killed a slave
  3082 | D:4      | Noticed a slave
  3173 | D:3      | Killed a slave
  3361 | D:4      | Noticed a slave
  3361 | D:4      | Noticed a slave
  3362 | D:4      | Noticed Pikel
  3383 | D:3      | Slain by a killer bee

Skill      XL: |  1  2  3  4 |
---------------+-------------+-----
Polearms       | 4 5 6 7 |  7.8
Fighting       | |  2.4
Throwing       | |  2.0
Dodging        | |  3.2

Action                   |  1- 3 |  4- 6 || total
-------------------------+-------+-------++-------
Melee: Trident           |    90 |   111 ||   201
       Headbutt          |     8 |    12 ||    20
Evoke: Wand              |       |     1 ||     1
  Eat: Chunk             |     2 |     6 ||     8
Armor: Ring mail         |    25 |    31 ||    56
Dodge: Dodged            |    40 |    54 ||    94
